 Dungeon Crawl Stone Soup version 0.30.1-3-gfc49f6343a (webtiles) character file.

Game seed: 565381791308999986

89 boopmooplesden the Twirler (level 4, -4/33 HPs)
             Began as a Demonspawn Gladiator on July 27, 2023.
             Slain by Crazy Yiuf
             ... wielding a +3 quarterstaff of chaos
              (11 damage)
             ... on level 2 of the Dungeon.
             The game lasted 00:02:58 (1529 turns).

boopmooplesden the Twirler (Demonspawn Gladiator)   Turns: 1529, Time: 00:02:58

Health: -4/33      AC:  6    Str: 16    XL:     4   Next: 31%
Magic:  4/4        EV: 12    Int:  9    God:
Gold:   128        SH:  4    Dex: 15    Spells: 3/3 levels left

rFire   . . .        t - +0 lajatang
rCold   . . .        (shield currently unavailable)
rNeg    . . .        b - +0 leather armour
rPois   .            g - +1 hat
rElec   .            (no cloak)
rCorr   .            q - +0 pair of gloves
SInv    .            v - +0 pair of boots
Will    .....        (no amulet)
Stlth   +            (no ring)
HPRegen 0.25/turn    (no ring)
MPRegen 0.09/turn

%: no passive effects
@: no status effects
A: antennae 1, condensation shield
a: no special abilities


You were on level 2 of the Dungeon.
You visited 1 branch of the dungeon, and saw 2 of its levels.

You collected 128 gold pieces.

Inventory:

Hand Weapons
 a - a +0 quarterstaff
 t - a +0 lajatang (weapon)
Missiles
 e - a javelin (quivered)
Armour
 b - a +0 leather armour (worn)
 c - a +0 helmet
 g - a +1 hat (worn)
 j - a +0 ring mail
 p - a +0 scale mail
 q - a +0 pair of gloves (worn)
 v - a +0 pair of boots (worn)
Wands
 o - a wand of flame (7)
Scrolls
 f - a scroll of fog {unknown}
 h - 2 scrolls of teleportation {unknown}
 k - a scroll of brand weapon {unknown}
 m - a scroll of butterflies {unknown}
 n - a scroll of immolation {unknown}
 w - 2 scrolls of enchant armour {unknown}
Potions
 i - 2 potions of flight {unknown}
 l - 2 potions of haste {unknown}
 r - a potion of degeneration {unknown}
 s - 2 potions of resistance {unknown}
 u - 3 potions of curing


   Skills:
 + Level 2.2 Fighting
 + Level 3.9 Staves
 + Level 1.8 Throwing
 + Level 1.4 Armour
 + Level 3.1 Dodging
 + Level 0.1 Stealth


You had 3 spell levels left.
You didn't know any spells.
Your spell library contained the following spells:

 Spells                   Type           Power      Damage    Failure   Level
 Magic Dart               Conj           0%         1d3       45%         1
 Slow                     Hex            0%         N/A       45%         1
 Searing Ray              Conj           0%         2d4       58%         2
 Confusing Touch          Hex            0%         N/A       83%         3
 Vampiric Draining        Necr           0%         2d6       83%         3
 Fulminant Prism          Conj/Hex       0%         3d5       99%         4


Dungeon Overview and Level Annotations

Branches:
Dungeon (2/15)

Altars:

Shops:
D:2 [:

Annotations:
D:2 Crazy Yiuf


Innate Abilities, Weirdness & Mutations

You have a pair of small antennae on your head.
A meltable shield of frost defends you. (SH +4)


Message History

Things that are here:
a +0 dagger; 2 stones You block the bat's attack.
You hit the bat.
You kill the bat!
Things that are here:
a +0 dagger; 2 stones; a bat corpse
Found a stone staircase leading down.
There is a stone staircase leading down here.
You open the door.
Throw: 2 throwing nets
Press: ? - help, Q - select action, (/) - cycle Shift-Dir - straight line, f - Crazy Yiuf
Aim: Crazy Yiuf, wielding a +3 quarterstaff of chaos and wearing a +0 cloak (63% to hit)
You throw a throwing net.
The throwing net closely misses Crazy Yiuf.
Crazy Yiuf closely misses you.
Throw: throwing net
Press: ? - help, Q - select action, (/) - cycle Shift-Dir - straight line, f/p - Crazy Yiuf
Aim: Crazy Yiuf, wielding a +3 quarterstaff of chaos and wearing a +0 cloak (63% to hit)
You throw a throwing net.
The throwing net barely misses Crazy Yiuf.
You block Crazy Yiuf's attack.
You hit Crazy Yiuf.
Crazy Yiuf is lightly wounded.
Crazy Yiuf grits, "Castle leg hog!"
Crazy Yiuf hits you with a +3 quarterstaff of chaos!
You are electrocuted!!
Ouch! That really hurt!
* * * LOW HITPOINT WARNING * * *
You slash Crazy Yiuf!
Crazy Yiuf is almost dead.
Crazy Yiuf says, "Shadow!
Island ladder toodlewoodle."
Crazy Yiuf drinks a potion.
Crazy Yiuf is healed!
You closely miss Crazy Yiuf.
Crazy Yiuf is moderately wounded.
You block Crazy Yiuf's attack.
You barely miss Crazy Yiuf.
Crazy Yiuf is moderately wounded.
Crazy Yiuf hits you with a +3 quarterstaff of chaos!
You die...

##.#####################
##.# ##................
#..# #.>##############.
#### #### #. #. ♣♣♣♣♣###
#. ### ♣♣♣.♣....## #.
#...#♣..♣......## #.
#(..g@♣♣♣♣......#####.
#)..#♣♣ ♣♣...........
### ♣♣#########. ## # #
#


You could see Crazy Yiuf.

Vanquished Creatures
  Terence (D:2)
  2 worms (D:2)
  A dart slug (D:2)
  4 endoplasms
  A giant cockroach (D:1)
  4 goblins
  3 hobgoblins
  14 jackals (D:2)
  A quokka (D:2)
  A ball python (D:2)
  5 bats (D:2)
  A frilled lizard (D:1)
  8 kobolds
  5 rats
51 creatures vanquished.

Notes
Turn   | Place    | Note
-------+----------+-------------------------------------------
     0 | D:1      | boopmooplesden the Demonspawn Gladiator began the quest for
                  | the Orb.
     0 | D:1      | Reached XP level 1. HP: 16/16 MP: 1/1
    95 | D:1      | Gained mutation: You have a pair of small antennae on your
                  | head. [demonic ancestry]
    95 | D:1      | Reached XP level 2. HP: 14/22 MP: 2/2
   605 | D:2      | Noticed Terence
   615 | D:2      | Found Saijusot's Antique Armour Emporium.
   628 | D:2      | Killed Terence
   629 | D:2      | Reached skill level 1 in Armour
   629 | D:2      | Reached XP level 3. HP: 23/27 MP: 3/3
   769 | D:2      | Found Mywobuo's Book Boutique.
  1062 | D:2      | Gained mutation: A meltable shield of frost defends you.
                  | (SH +4) [demonic ancestry]
  1062 | D:2      | Reached XP level 4. HP: 33/33 MP: 4/4
  1079 | D:2      | Found a runed translucent door.
  1080 | D:2      | Noticed Crazy Yiuf
  1529 | D:2      | Slain by Crazy Yiuf

Illustrated notes

Levels and vault maps discovered:
D:1:      shiori_arrival_elements, layout_basic
D:2:      layout_rooms, serial_shops, shop, nicolae_shop_advertising_works
          [nicolae_subvault_shop_adworks], eino_tiny_chamber,
          minmay_misc_feat_doors, minivault_25, minmay_between, uniq_terence,
          uniq_crazy_yiuf_cottage

Skill      XL: |  1  2 |
---------------+-------+-----
Staves         | 3 |  3.9
Armour         | 1 |  1.4
Dodging        | 3 |  3.1
Fighting       | |  2.2
Throwing       | |  1.8
Stealth        | |  0.1

Action                     |  1- 3 |  4- 6 || total
---------------------------+-------+-------++-------
  Melee: Quarterstaff      |   109 |       ||   109
         Lajatang          |    18 |    55 ||    73
  Throw: Throwing net      |     3 |     2 ||     5
   Stab: Sleeping          |     1 |       ||     1
         Held in net/web   |     1 |       ||     1
 Armour: Leather armour    |    61 |    17 ||    78
  Dodge: Dodged            |   115 |    41 ||   156
  Block: Other             |       |    13 ||    13
